 Dungeon Crawl Stone Soup version 0.17.1-3-g152610e (webtiles) character file.

65 Scud the Grave Robber (level 3, -5/32 HPs)
             Began as a Troll Necromancer on Apr 27, 2016.
             Was an Initiate of Makhleb.
             Slain by a giant frog (6 damage)
             ... on level 3 of the Dungeon.
             The game lasted 00:20:13 (2549 turns).

Scud the Grave Robber (Troll Necromancer)           Turns: 2549, Time: 00:20:13

Health: -5/32      AC:  5    Str: 16    XL:     3   Next: 92%
Magic:  1/4        EV: 10    Int: 12    God:    Makhleb [......]
Gold:   108        SH:  0    Dex: 10    Spells: 2 memorised, 3 levels left

rFire  . . .     SeeInvis .     (no weapon)
rCold  . . .     Clarity  .     a - +0 robe
rNeg   . . .     SustAt   .     (no shield)
rPois  .         Gourm    +     (helmet restricted)
rElec  .         Spirit   .     (no cloak)
rCorr  .         Warding  .     (gloves unavailable)
rMut   .         Stasis   .     (boots unavailable)
MR     .....                    (no amulet)
Stlth  +.........               (no ring)
                                (no ring)

@: not resistant to hostile enchantments, very unstealthy
A: unfitting armour, claws 3, fast metabolism 3, gourmand, regeneration 2,
shaggy fur 1, tough skin 2
a: Renounce Religion


You were on level 3 of the Dungeon.
You worshipped Makhleb.
Makhleb was noncommittal.
You were very full.

You visited 1 branch of the dungeon, and saw 3 of its levels.

You collected 108 gold pieces.

Inventory:

Armour
 a - a +0 robe (worn)
Scrolls
 d - a scroll of fear
 e - a scroll of teleportation
 f - a scroll of noise {unknown}
 g - 2 scrolls of remove curse
 h - a scroll of identify
Books
 b - a book of Necromancy

   Spells                             Type                      Level
   a - Pain                           Necromancy                   1
   b - Animate Skeleton               Necromancy                   1
   c - Vampiric Draining              Necromancy                   3
   d - Regeneration                   Charms/Necromancy            3
   e - Animate Dead                   Necromancy                   4
   f - Control Undead                 Necromancy                   4
Comestibles
 c - a bread ration


   Skills:
 + Level 0.5 Fighting
 + Level 2.2 Dodging
 + Level 1.1 Stealth
 + Level 0.2 Unarmed Combat
 + Level 1.5 Spellcasting
 + Level 3.8 Necromancy


You had 3 spell levels left.
You knew the following spells:

 Your Spells              Type           Power        Failure   Level  Hunger
a - Pain                  Necr           ##..         8%          1    ##.....
b - Animate Skeleton      Necr           N/A          8%          1    ##.....


Dungeon Overview and Level Annotations

Branches:
Dungeon (3/15)

Altars:
Dithmenos
Gozag
Makhleb
Zin


Innate Abilities, Weirdness & Mutations

You are too large for most types of armour.
You have claws for hands.
Your metabolism is lightning-fast.
You like to eat raw meat.
You heal very quickly.
You are covered in fur (AC +1).
You have very tough skin (AC +2).


Message History

Aim: a giant frog (severely wounded, chance to defeat MR: 63%)
The giant frog resists with significant effort.
The giant frog hits you.
* * * LOW HITPOINT WARNING * * *
The giant frog barely misses you.
Casting: Pain
Confirm with . or Enter, or press ? or * to list all spells.
Aiming: Pain
Press: ? - help, Shift-Dir - straight line, f/p - giant frog
Aim: a giant frog (severely wounded, chance to defeat MR: 63%)
The giant frog convulses in agony!
The giant frog hits you but does no damage.
Casting: Pain
Confirm with . or Enter, or press ? or * to list all spells.
Aiming: Pain
Press: ? - help, Shift-Dir - straight line, f/p - giant frog
Aim: a giant frog (almost dead, chance to defeat MR: 63%)
The giant frog resists with significant effort.
The giant frog hits you.
You die...

.. ... ###. ...#### #.# ....
#.....## #.# ## #..###..
#..# #.# ...
#..#..###..#########.##
....##.....##...............
.................######.....
#.........##..# ##...#
#..._.F@####.# ##.##
#.........# ..# #.#
.................# #.#
.#..##.....##....# ##'## #.
#..#..# #..... ##...# ..
#..###.. ...### ##..... #
.... #... ..# #.#...... #.#.
..... ..# #........
..........


You could see a giant frog.

Vanquished Creatures
  4 adders
  A giant gecko (D:2)
  5 hobgoblins (D:1)
  2 quokkas (D:2)
  A ball python (D:1)
  2 bats
  A giant cockroach (D:2)
  4 giant newts
  6 goblins
  4 kobolds
  2 rats (D:1)
32 creatures vanquished.

Vanquished Creatures (collateral kills)
  A goblin (D:1)
  2 giant newts (D:2)
3 creatures vanquished.

Grand Total: 35 creatures vanquished

Notes
Turn   | Place    | Note
--------------------------------------------------------------
     0 | D:1      | Scud the Troll Necromancer began the quest for the Orb.
     0 | D:1      | Reached XP level 1. HP: 16/16 MP: 1/1
     2 | D:1      | Learned a level 1 spell: Animate Skeleton
   343 | D:1      | Reached XP level 2. HP: 24/24 MP: 0/2
  1839 | D:2      | Reached XP level 3. HP: 31/31 MP: 4/4
  2037 | D:2      | Found a faded altar to an unknown god.
  2064 | D:2      | Became a worshipper of Gozag Ym Sagoz the Greedy
  2177 | D:2      | Found a burning altar of Makhleb.
  2180 | D:2      | Found a glowing silver altar of Zin.
  2180 | D:2      | Noticed an Executioner
  2180 | D:2      | Noticed an angel
  2191 | D:2      | Fell from the grace of Gozag
  2191 | D:2      | Became a worshipper of Makhleb the Destroyer
  2519 | D:3      | Noticed a giant frog
  2521 | D:3      | Found a shadowy altar of Dithmenos.
  2549 | D:3      | Slain by a giant frog

Action                   || total
-------------------------++-------
Melee: Unarmed           ||    98
 Cast: Pain              ||    12
       Animate Skeleton  ||     9
  Use: Scroll            ||     6
       Potion            ||     1
 Stab: Sleeping          ||     2
  Eat: Chunk             ||    14
       Bread ration      ||     2
       Meat ration       ||     1
